 Dungeon Crawl Stone Soup version 0.31.0-12-g77e489cdc1 (webtiles) character file.

Game seed: 2126769943041095178

90 112233 the Shield-Bearer (level 4, -1/31 HPs)
             Began as an Octopode Fighter on Feb 14, 2024.
             Killed from afar by Natasha (9 damage)
             ... with a magic dart
             ... on level 3 of the Dungeon.
             The game lasted 00:01:11 (2245 turns).

112233 the Shield-Bearer (Octopode Fighter)         Turns: 2245, Time: 00:01:12

Health: -1/31      AC:  1    Str: 15    XL:     4   Next: 56%
Magic:  4/4        EV: 13    Int: 10    God:
Gold:   173        SH:  5    Dex: 13    Spells: 3/3 levels left

rFire   . .          .
                       - Unarmed
rCold   . . .        a - +0 buckler
rNeg    . . .        (helmet restricted)
rPois   .            (no amulet)
rElec   .            (no ring)
rCorr   .            (no ring)
SInv    .            (no ring)
Will    .....        (no ring)
Stlth   +++          (no ring)
HPRegen 0.25/turn    (no ring)
MPRegen 0.09/turn    (no ring)
                     (no ring)

%: no passive effects
@: studying Stealth
A: almost no armour, amphibious, 8 rings, camouflage 1, gelatinous body 1,
(nimble swimmer 1), tentacles
a: no special abilities


You were on level 3 of the Dungeon.
You visited 1 branch of the dungeon, and saw 3 of its levels.

You collected 173 gold pieces.

Inventory:

Missiles
 f - 8 poisoned darts (quivered)
Armour
 a - a +0 buckler (worn)
Jewellery
 e - a ring of willpower
 i - a ring of wizardry
 j - a ring of fire
Scrolls
 c - 2 scrolls of vulnerability {unknown}
 h - 4 scrolls of identify {unknown}
 k - a scroll of enchant weapon {unknown}
 l - a scroll of blinking {unknown}
Potions
 b - a potion of might
 d - a potion of haste {unknown}
 g - 2 potions of curing {unknown}
 m - 2 potions of magic {unknown}


   Skills:
 + Level 3.1 Fighting
 + Level 3.1 Dodging
 + Level 3.0 Stealth
 + Level 4.5 Shields
 * Level 2.3 Unarmed Combat


You had 3 spell levels left.
You didn't know any spells.
Your spell library contained the following spells:

 Spells                   Type           Power      Damage    Failure   Level
 Call Canine Familiar     Summ           0%         N/A       82%         3
 Sigil of Binding         Hex            0%         N/A       82%         3
 Dimensional Bullseye     Hex/Tloc       0%         N/A       99%         4


Dungeon Overview and Level Annotations

Branches:
Dungeon (3/15)

Altars:

Annotations:
D:3 Natasha


Innate Abilities, Weirdness & Mutations

You cannot wear most types of armour.
You are amphibious.
You can wear up to eight rings at the same time.
Your skin changes colour to match your surroundings (Stealth+).
Your rubbery body absorbs attacks. (AC +1, EV +1)
((You are camouflaged when in or above water. (Stealth+)))
You have tentacles for arms and can constrict up to eight enemies at once.


Message History

You are no longer poisoned.
Natasha, Servant of Life and Death comes into view.
Natasha is nearby!
Natasha mumbles some strange words.
Unknown command.
There are monsters nearby!
Natasha barely misses you.
You tentacle-slap Natasha. Your grab misses Natasha.
Natasha is lightly wounded.
The cerulean imp hits you from afar with a +0 spear.
Natasha misses you.
You tentacle-slap Natasha. You grab Natasha.
Natasha is moderately wounded.
You constrict Natasha, but do no damage.
The cerulean imp barely misses you.
Natasha howls an incantation.
You feel disoriented. Natasha claws you!
You tentacle-slap Natasha.
Natasha is moderately wounded.
You constrict Natasha.
The cerulean imp hits you from afar with a +0 spear.
Natasha barely misses you.
Unknown command.
You tentacle-slap Natasha but do no damage.
Natasha is heavily wounded.
You constrict Natasha.
The cerulean imp hits you from afar with a +0 spear.
Natasha misses you.
Unknown command.
You tentacle-slap Natasha but do no damage.
Natasha is heavily wounded.
You constrict Natasha, but do no damage.
The cerulean imp hits you from afar with a +0 spear.
* * * LOW HITPOINT WARNING * * *
Natasha extends her claws.
Natasha stares at you and mumbles some strange words.
The magic dart hits you!
You die...
Natasha begins licking her fur clean.

..†.....................# #.
...................)....# #+
........................#
........................#
........................#
........................#####.
.....................†.........
........................##.....
..............5h@.......# ....
.........>..............# ...
.....<..................# ..
........................# .
........................# #
........................##.#
...........................
.........÷..............##.
........................# .


You could see Natasha and a cerulean imp (summoned).

Vanquished Creatures
  Natasha (D:3)
  2 adders (D:3)
  2 dart slugs
  An orc (D:3)
  4 endoplasms
  A giant cockroach (D:1)
  12 goblins
  A hobgoblin (D:2)
  A kobold (D:2)
  A quokka (D:1)
  3 ball pythons
  5 bats
  A frilled lizard (D:3)
  4 rats
39 creatures vanquished.

Notes
Turn   | Place    | Note
-------+----------+-------------------------------------------
     0 | D:1      | 112233 the Octopode Fighter began the quest for the Orb.
     0 | D:1      | Reached XP level 1. HP: 16/16 MP: 1/1
   172 | D:1      | Reached XP level 2. HP: 15/21 MP: 2/2
  1063 | D:2      | Reached skill level 4 in Shields
  1197 | D:2      | Found a faded altar of an unknown god.
  1344 | D:2      | Reached XP level 3. HP: 19/26 MP: 3/3
  1779 | D:3      | Reached skill level 1 in Stealth
  2001 | D:3      | Noticed Natasha
  2013 | D:3      | Killed Natasha
  2014 | D:3      | Reached XP level 4. HP: 13/31 MP: 4/4
  2236 | D:3      | Noticed Natasha
  2245 | D:3      | Killed from afar by Natasha

Illustrated notes

Levels and vault maps discovered:
D:1:      heliophobic_arrival_dark_side_of_the_moon, layout_loops_ring
D:2:      kennysheep_the_goblin_king, layout_loops_corners,
          hellmonk_ecumenical_altar_zigzags, minmay_misc_feat_nine_boxes
D:3:      layout_basic, uniq_natasha

Skill      XL: |  1  2  3  4 |
---------------+-------------+-----
Shields        | 4 |  4.5
Stealth        | 2 3 |  3.0
Fighting       | |  3.1
Dodging        | |  3.1
Unarmed Combat | |  2.3

Action                     |  1- 3 |  4- 6 || total
---------------------------+-------+-------++-------
  Melee: Unarmed           |    81 |     8 ||    89
         Constrict         |    22 |     2 ||    24
         Tentacles         |    11 |       ||    11
         Punch             |     2 |       ||     2
   Stab: Sleeping          |     8 |       ||     8
 Armour: Skin              |    31 |     7 ||    38
  Dodge: Dodged            |    33 |     6 ||    39
  Block: Buckler           |    18 |     1 ||    19
